 Dungeon Crawl Stone Soup version 0.17-a0-2108-g65e8068 (webtiles) character file.

13988 Arkorax the Cleaver (level 11, -1/95 HPs)
             Began as a Demonspawn Gladiator on Oct 19, 2015.
             Was a High Priest of Okawaru.
             Slain by a komodo dragon (9 damage)
             ... on level 1 of the Lair of Beasts.
             The game lasted 00:26:56 (10517 turns).

Arkorax the Cleaver (Demonspawn Gladiator)         Turns: 10517, Time: 00:26:57

Health: -1/95      AC: 14    Str: 19    XL:     11   Next: 82%
Magic:  20/20      EV: 12    Int:  9    God:    Okawaru [*****.]
Gold:   809        SH:  3    Dex: 14    Spells: 1 memorised, 8 levels left

rFire  . . .     SeeInvis .     c - +6 broad axe (drain)
rCold  + . .     Clarity  .     v - +3 leather armour {rC+}
rNeg   . . .     SustAt   .     s - +0 buckler
rPois  +         Gourm    +     E - +2 helmet
rElec  .         Spirit   .     (no cloak)
rCorr  .         Warding  .     T - +2 pair of gloves
rMut   .         Stasis   .     (no boots)
MR     .....                    L - amulet of the gourmand
Stlth  +++.......               G - ring of poison resistance
                                J - ring of magical power

@: not resistant to hostile enchantments, fairly stealthy
A: talons 2, rugged brown scales 1, powered by death 2, spiny 1
a: Heroism, Finesse, Renounce Religion


You were on level 1 of the Lair of Beasts.
You worshipped Okawaru.
Okawaru was extremely pleased with you.
You were not hungry.

You visited 3 branches of the dungeon, and saw 13 of its levels.
You also visited: Ossuary.

You collected 809 gold pieces.

Inventory:

Hand Weapons
 a - a +0 quarterstaff
 c - a +6 broad axe of draining (weapon)
 Z - the +0 spear "Sarcophage" {pierce, rElec rN+ Dex+2 SInv}
   (You found it on level 11 of the Dungeon)

   It inflicts extra damage upon your enemies.
   It affects your dexterity (+2).
   It insulates you from electricity.
   It protects you from negative energy.
   It lets you see invisible.
Missiles
 d - 6 throwing nets (quivered)
 r - 18 tomahawks
Armour
 s - a +0 buckler (worn)
 u - a +0 plate armour
 v - a +3 leather armour of cold resistance (worn)
 E - a +2 helmet (worn)
 T - a +2 pair of gloves (worn)
 V - a troll hide
Jewellery
 t - an uncursed amulet of rage
 G - a ring of poison resistance (right hand)
 J - a ring of magical power (left hand)
 L - an amulet of the gourmand (around neck)
Wands
 C - a wand of frost (11)
Scrolls
 h - a scroll of blinking
 k - 10 scrolls of remove curse
 m - a scroll of amnesia
 n - 8 scrolls of teleportation
 o - 2 scrolls of magic mapping
 y - a scroll of recharging
 K - 2 scrolls of enchant weapon
 M - 9 scrolls of identify
 N - 2 scrolls of fear
 Q - a scroll of summoning
 S - a scroll of enchant armour
Potions
 b - 3 potions of ambrosia
 g - 2 potions of heal wounds {unknown}
 i - a potion of berserk rage {unknown}
 j - a potion of might {unknown}
 p - 6 potions of curing
 z - 2 potions of mutation {unknown}
 A - 3 potions of poison {unknown}
 B - 3 potions of degeneration {unknown}
 D - a potion of haste
 F - 2 potions of lignification {unknown}
 I - a potion of invisibility
 O - 3 potions of agility {unknown}
 P - 2 potions of flight {unknown}
 W - a potion of magic {unknown}
Books
 l - a book of Air

   Spells                             Type                      Level
   a - Shock                          Conjuration/Air              1
   b - Swiftness                      Charms/Air                   2
   c - Repel Missiles                 Charms/Air                   2
   d - Static Discharge               Conjuration/Air              3
   e - Lightning Bolt                 Conjuration/Air              5
 R - a book of Battle

   Spells                             Type                      Level
   a - Infusion                       Charms                       1
   b - Shroud of Golubria             Charms/Translocation         2
   c - Song of Slaying                Charms                       2
   d - Spectral Weapon                Hexes/Charms                 3
   e - Regeneration                   Charms/Necromancy            3
 U - a book of Burglary

   Spells                             Type                      Level
   a - Swiftness                      Charms/Air                   2
   b - Passwall                       Transmutation/Earth          3
   c - Passage of Golubria            Translocation                4
   d - Lee's Rapid Deconstruction     Earth                        5
   e - Darkness                       Hexes                        6
   f - Invisibility                   Hexes                        6
Comestibles
 e - 5 bread rations
 f - 4 slices of pizza
 q - 8 beef jerkies
 w - 3 meat rations
 x - 6 fruits


   Skills:
 - Level 11.4 Fighting
 + Level 12.2 Axes
 - Level 2.6 Staves
 - Level 1.7 Throwing
 * Level 5.4 Armour
 - Level 2.6 Dodging
 - Level 4.1 Stealth
 - Level 0.3 Shields
 - Level 0.4 Evocations


You had 8 spell levels left.
You knew the following spells:

 Your Spells              Type           Power        Failure   Level  Hunger
a - Repel Missiles        Chrm/Air       #.....       92%         2    ###....


Dungeon Overview and Level Annotations

Branches:
Dungeon (11/15)            Temple (1/1) D:7            Lair (1/8) D:11
    Orc (0/4) D:9

Altars:
Ashenzari
Cheibriados
Dithmenos
Elyvilon
Fedhas
Gozag
Kikubaaqudgha
Makhleb
Nemelex Xobeh
Okawaru
Qazlal
Ru
Sif Muna
Trog
Vehumet
Xom
Yredelemnul
Zin
The Shining One
Beogh

Shops:
D:4 [


Innate Abilities, Weirdness & Mutations

You have razor-sharp toenails.
You are partially covered in rugged brown scales (AC +1, +3% HP).
You regenerate health from kills.
You are partially covered in sharp spines.


Message History

Drink which item? (? for menu, Esc to quit)
You feel better. The iguana is struck by your spines.
You kill the iguana!
Okawaru accepts your kill.
You barely miss the komodo dragon.
You claw the komodo dragon, but do no damage.
The komodo dragon is severely wounded.
You slash the iguana! You drain the iguana!
The iguana is severely wounded.
The komodo dragon bites you!!
* * * LOW HITPOINT WARNING * * *
The iguana bites you but does no damage.
You hit the komodo dragon but do no damage.
You claw the komodo dragon, but do no damage.
The komodo dragon is severely wounded.
You slash the iguana!
You kill the iguana!
Okawaru accepts your kill. The komodo dragon bites you!
You die...

...............................#.
...............................#.
#.##.....#..####P##......P.....#.
######...##....########.###....#.
#..##..P...## $.####....... ###
##..#..###...## ....P##.P..#.
.P###...#...†.....# ......#.....+
........##......[.##....###......
.........###....@l......##.......
##......##...##.##.#...##P..†....
##[......#####..####.###P........
#...............P.###...........
#..####P.#.P.....P..............
##.........+.....................
....+......#.....................
.....#####.#...............######
..........................## #


You could see a komodo dragon.

Vanquished Creatures
  Pikel (D:5)
  A hill giant (D:10)
  The ghost of Arkorax the Shield-Bearer, a novice FoFi of Ru (D:5)
  2 spiny frogs (Lair:1)
  4 komodo dragons (Lair:1)
  2 trolls (D:10)
  Grinder (D:3)
  Prince Ribbit (D:5)
  Sigmund (D:3)
  2 deep elf magi
  5 hippogriffs
  10 yaks
  Menkaure (D:7)
  Edmund (D:4)
  A water moccasin (D:9)
  Duvessa (D:5)
  A wasp (D:10)
  6 orc warriors
  An eye of draining (D:10)
  A phantom (D:8)
  A black bear (D:11)
  4 porcupines
  3 sky beasts
  14 centaurs
  A necrophage (D:9)
  4 slaves (D:5)
  9 ogres
  Blork the orc (D:4)
  8 giant frogs
  Dowan (D:5)
  5 scorpions
  23 killer bees
  2 wights (D:10)
  6 crimson imps
  2 giant frog skeletons
  3 hounds
  4 jellies
  Crazy Yiuf (D:5)
  8 orc priests
  A quasit (D:11)
  2 centaur skeletons
  A giant frog zombie (D:11)
  9 orc wizards
  2 worker ants
  6 iguanas
  A hell rat (D:11)
  4 mummies (Ossuary)
  2 hound skeletons
  A worker ant zombie (D:3)
  5 river rats (Lair:1)
  4 shadow imps
  14 adders
  An adder zombie (D:8)
  2 adder skeletons
  3 worms (D:2)
  5 giant geckos
  40 orcs
  A ball python (D:1)
  10 giant cockroaches
  2 gnoll zombies (Ossuary)
  8 goblins
  9 hobgoblins
  6 jackals
  3 kobolds
  6 quokkas
  7 bats
  A giant gecko zombie (D:5)
  4 giant newts
  3 gnoll skeletons (Ossuary)
  2 goblin skeletons (Ossuary)
  4 goblin zombies (Ossuary)
  4 hobgoblin skeletons (Ossuary)
  2 hobgoblin zombies (Ossuary)
  2 kobold skeletons (Ossuary)
  4 kobold zombies (Ossuary)
  3 orc skeletons (Ossuary)
  4 orc zombies (Ossuary)
  A quokka skeleton (D:7)
  2 quokka zombies
  10 rats
  3 rat skeletons (Ossuary)
  3 rat zombies
351 creatures vanquished.

Vanquished Creatures (others)
  2 gnoll zombies (Ossuary)
  3 gnoll skeletons (Ossuary)
  2 goblin zombies (Ossuary)
  2 kobold skeletons (Ossuary)
  2 orc zombies (Ossuary)
  3 rat skeletons (Ossuary)
  A rat zombie (Ossuary)
15 creatures vanquished.

Grand Total: 366 creatures vanquished

Notes
Turn   | Place    | Note
--------------------------------------------------------------
     0 | D:1      | Arkorax the Demonspawn Gladiator began the quest for the Orb.
     0 | D:1      | Reached XP level 1. HP: 16/16 MP: 1/1
   275 | D:1      | Gained mutation: You are partially covered in sharp spines. [demonic ancestry]
   275 | D:1      | Reached XP level 2. HP: 23/23 MP: 2/2
   388 | D:1      | Reached skill level 3 in Fighting
   873 | D:2      | Reached skill level 1 in Armour
   873 | D:2      | Reached XP level 3. HP: 26/29 MP: 3/3
  1268 | D:2      | Reached skill level 1 in Stealth
  1433 | D:2      | Gained mutation: You have sharp toenails. [demonic ancestry]
  1433 | D:2      | Reached XP level 4. HP: 36/36 MP: 4/4
  1535 | D:2      | Found a sacrificial altar of Ru.
  1544 | D:2      | Reached skill level 4 in Fighting
  1912 | D:3      | Found a snail-covered altar of Cheibriados.
  1943 | D:3      | Noticed Sigmund
  1979 | D:3      | Killed Sigmund
  1979 | D:3      | Reached XP level 5. HP: 41/43 MP: 5/5
  1979 | D:3      | Gained mutation: You have razor-sharp toenails. [demonic ancestry]
  1979 | D:3      | Reached XP level 6. HP: 46/49 MP: 6/6
  2097 | D:3      | Noticed Grinder
  2110 | D:3      | Killed Grinder
  2110 | D:3      | Reached skill level 5 in Fighting
  2525 | D:3      | Reached XP level 7. HP: 51/56 MP: 7/7
  2696 | D:4      | Found a shimmering altar of Xom.
  3198 | D:4      | Noticed Blork the orc
  3212 | D:4      | Killed Blork the orc
  3212 | D:4      | Reached skill level 6 in Fighting
  3234 | D:4      | Found Naresec's Armour Shoppe.
  3367 | D:4      | Noticed Edmund
  3378 | D:4      | Killed Edmund
  3378 | D:4      | Gained mutation: You regenerate a little health from kills. [demonic ancestry]
  3378 | D:4      | Reached XP level 8. HP: 57/64 MP: 8/8
  3686 | D:5      | Entered Level 5 of the Dungeon
  3729 | D:5      | Reached skill level 1 in Axes
  3738 | D:5      | Noticed Prince Ribbit
  3845 | D:5      | Killed Prince Ribbit
  3845 | D:5      | Reached skill level 7 in Fighting
  3862 | D:5      | Noticed Arkorax's ghost (novice FoFi)
  3891 | D:5      | Killed Arkorax's ghost
  3891 | D:5      | Reached skill level 8 in Fighting
  3903 | D:5      | Noticed Pikel
  3914 | D:5      | Killed Pikel
  3914 | D:5      | Reached XP level 9. HP: 37/75 MP: 9/9
  4205 | D:5      | Reached skill level 9 in Fighting
  4467 | D:5      | Noticed Dowan
  4468 | D:5      | Noticed Duvessa
  4475 | D:5      | Killed Duvessa
  4478 | D:5      | Killed Dowan
  4531 | D:5      | Reached skill level 5 in Axes
  4806 | D:5      | Found a basalt altar of Yredelemnul.
  4808 | D:5      | Found a glowing silver altar of Zin.
  4808 | D:5      | Found a bloodstained altar of Trog.
  4837 | D:5      | Noticed Crazy Yiuf
  4839 | D:5      | Killed Crazy Yiuf
  4902 | D:6      | Learned a level 2 spell: Repel Missiles
  5019 | D:6      | Found a shadowy altar of Dithmenos.
  5374 | D:7      | Found a sparkling altar of Nemelex Xobeh.
  5456 | D:7      | Found a sand-covered staircase.
  5475 | Ossuary  | Entered an ossuary
  5938 | D:7      | Found a staircase to the Ecumenical Temple.
  5989 | D:7      | Gained mutation: You regenerate health from kills. [demonic ancestry]
  5989 | D:7      | Reached XP level 10. HP: 78/85 MP: 10/10
  5995 | Temple   | Entered the Ecumenical Temple
  6275 | Temple   | Became a worshipper of Warmaster Okawaru
  6339 | D:7      | Noticed Menkaure
  6357 | D:7      | Killed Menkaure
  6429 | D:7      | Reached skill level 10 in Fighting
  7788 | D:8      | Reached * piety under Okawaru
  8163 | D:9      | Found a staircase to the Orcish Mines.
  8467 | D:9      | Found a stormy altar of Qazlal.
  8573 | D:9      | Reached ** piety under Okawaru
  8576 | D:9      | Found a roughly hewn altar of Beogh.
  8727 | D:10     | Entered Level 10 of the Dungeon
  8867 | D:10     | Reached skill level 10 in Axes
  8990 | D:10     | Noticed a hill giant
  9080 | D:10     | Reached *** piety under Okawaru
  9080 | D:10     | Gained mutation: You are partially covered in rugged brown scales (AC +1, +3% HP). [demonic ancestry]
  9080 | D:10     | Reached XP level 11. HP: 84/92 MP: 11/11
  9290 | D:10     | Noticed a hill giant
  9296 | D:10     | Killed a hill giant
  9492 | D:11     | Reached skill level 11 in Fighting
  9538 | D:11     | Got an ebony spear
  9539 | D:11     | Identified the cursed +0 spear "Sarcophage" {pierce, rElec rN+ Dex+2 SInv} (You found it on level 11 of the Dungeon)
  9550 | D:11     | Found a staircase to the Lair.
  9569 | D:11     | Reached **** piety under Okawaru
  9644 | D:11     | Reached ***** piety under Okawaru
 10013 | Lair:1   | Entered Level 1 of the Lair of Beasts
 10278 | Lair:1   | Reached skill level 5 in Armour
 10476 | Lair:1   | Reached skill level 12 in Axes
 10517 | Lair:1   | Slain by a komodo dragon

Vault maps used:
D:1:      dpeg_arrival_refuge, grunt_decor_mini_mirrors,
          minmay_shallow_snake_nest
D:2:      nicolae_ru_great_annihilating_truth, first_bread
D:3:      old_standard_altar, saegor_snake_ambush, uniq_grinder, uniq_sigmund
D:4:      kennysheep_mini_moat, serial_shops, shop_fountains,
          uniq_blork_the_orc, uniq_edmund
D:5:      gammafunk_temple_overflow_forgotten, minivault_5,
          kennysheep_generic_room_14, uniq_pikel, uniq_prince_ribbit1,
          uniq_duvessa, uniq_crazy_yiuf_cottage
D:6:      grunt_dithmenos_smoke
D:7:      minmay_temple_entry_junction, enter_ossuary_4, grunt_ogre_cave,
          nemelex_xobeh_ov_fountains_minmay, uniq_menkaure
D:8:      hex_medium
D:9:      grunt_qazlal_sundering, minmay_orc_entry_temple_small
D:10:     nrook_uturn
D:11:     dpeg_lair_monsters, minivault_23
Temple:   oiseaux_autumnal_temple_12
Lair:1:   beast_lair_carwin_large_1
Ossuary:  ossuary_due_pyramid

Action                   |  1- 3 |  4- 6 |  7- 9 | 10-12 || total
-------------------------+-------+-------+-------+-------++-------
Melee: Quarterstaff      |    76 |    65 |    73 |       ||   214
       Broad axe         |       |       |   163 |   307 ||   470
Throw: Throwing net      |       |       |     2 |       ||     2
Invok: Heroism           |       |       |       |     1 ||     1
Evoke: Wand              |       |       |       |     3 ||     3
  Use: Potion            |       |     2 |       |     1 ||     3
       Scroll            |       |     1 |    12 |     9 ||    22
 Stab: Paralysed         |       |     2 |       |       ||     2
       Sleeping          |       |     1 |    12 |     9 ||    22
       Distracted        |       |       |       |     1 ||     1
  Eat: Chunk             |     1 |     1 |     1 |     1 ||     4
       Bread ration      |       |     1 |     2 |     2 ||     5
       Beef jerky        |       |       |       |     2 ||     2
       Meat ration       |       |       |       |     1 ||     1
